 Dungeon Crawl Stone Soup version 0.27.1-33-g824d729ab1 (webtiles) character file.

Game seed: 574041477083356035

112 Atelerd the Digger (level 4, -2/27 HPs)
             Began as an Octopode Earth Elementalist on Dec 30, 2021.
             Slain by an orc (4 damage)
             ... on level 3 of the Dungeon.
             The game lasted 00:02:16 (2282 turns).

Atelerd the Digger (Octopode Earth Elementalist)    Turns: 2282, Time: 00:02:17

Health: -2/27      AC:  2    Str:  7    XL:     4   Next: 93%
Magic:  6/8        EV: 13    Int: 18    God:
Gold:   61         SH:  0    Dex: 12    Spells: 8/9 levels left

rFire    . . .     SeeInvis .   f - +0 dagger
rCold    . . .     Faith    .   (no shield)
rNeg     . . .     Spirit   .   c - +1 hat
rPois    .         Reflect  .   (no amulet)
rElec    .         Harm     .   (no ring)
rCorr    .         Rampage  .   (no ring)
Will     .....                  (no ring)
Stlth    ++........             (no ring)
HPRegen  0.09/turn              (no ring)
MPRegen  0.11/turn              (no ring)
                                (no ring)
                                (no ring)

@: confused, brilliant
A: almost no armour, amphibious, 8 rings, camouflage 1, gelatinous body 1,
(nimble swimmer 1), tentacles
a: no special abilities


You were on level 3 of the Dungeon.
You visited 1 branch of the dungeon, and saw 3 of its levels.

You collected 99 gold pieces.
You spent 38 gold pieces at shops.

Inventory:

Hand Weapons
 f - a +0 dagger (weapon)
Missiles
 b - 46 stones
Armour
 c - a +1 hat (worn)
Scrolls
 a - a scroll of teleportation
 e - a scroll of noise {unknown}
 g - a scroll of magic mapping {unknown}
 h - 2 scrolls of amnesia {unknown}
 j - 2 scrolls of identify {unknown}


   Skills:
 - Level 2.0 Dodging
 - Level 2.6 Stealth
 + Level 3.0 Spellcasting
 + Level 2.6 Transmutations
 + Level 4.0 Earth Magic


You had 8 spell levels left.
You knew the following spells:

 Your Spells              Type           Power      Damage    Failure   Level
a - Sandblast             Erth           50%        2d12      3%          1

Your spell library contained the following spells:

 Spells                   Type           Power      Damage    Failure   Level
 Passwall                 Tmut/Erth      18%        N/A       6%          2
 Animate Skeleton         Necr           8%         N/A       16%         1
 Stone Arrow              Conj/Erth      28%        3d8       22%         3
 Petrify                  Tmut/Erth      22%        N/A       38%         4


Dungeon Overview and Level Annotations

Branches:
Dungeon (3/15)

Altars:

Shops:
D:2 *


Innate Abilities, Weirdness & Mutations

You cannot wear most types of armour.
You are amphibious.
You can wear up to eight rings at the same time.
Your skin changes colour to match your surroundings (Stealth+).
Your rubbery body absorbs attacks. (AC +1, EV +1)
((You are camouflaged near water. (Stealth+)))
You have tentacles for arms and can constrict up to eight enemies at once.


Message History

Unknown command.
You're too confused to move!
The orc barely misses you. Something hits you.
There is an open door here.
Things that are here:
a +1 hand axe of flaming; an orc corpse You bump into the rock wall.
The orc hits you from afar with a +0 trident of protection.
You hear some strange, mumbled words.
You are more confused.
You bump into the rock wall.
The orc closely misses you. Something hits you but does no damage.
Something hits you.
You're too confused to cast spells.
Sorry, you're not good enough to have a special ability.
Unknown command.
It was a potion of heal wounds.
You feel much better. The orc closely misses you. Something hits you.
Unknown command.
You're too confused to cast spells.
Sorry, you're not good enough to have a special ability.
You bump into the rock wall.
The orc hits you from afar with a +0 trident of protection!
Something barely misses you. Something hits you.
An orc wizard appears from thin air!
Reactivating autopickup.
The orc barely misses you. The orc wizard barely misses you.
The orc hits you with a +0 trident of protection!
* * * LOW HITPOINT WARNING * * *
The orc wizard gestures at you while chanting.
You resist with some effort.
The orc hits you from afar with a +0 trident of protection.
* * * LOW HITPOINT WARNING * * *
The orc wizard hits you with a +0 dagger.
* * * LOW HITPOINT WARNING * * *
It was a potion of brilliance.
You feel clever all of a sudden.
The orc hits you from afar with a +0 trident of protection.
You die...

........##.............
#.......##.............
#....'..............
#....##..........###
#...รท###########.###
#...................
##...####..........#
#....# #..........#
##.@.####..........#
#...o..............#
###o#####..........#
#.# #...........
#.############....
#...o...# #.##.
#######o# #.##.
#.######.###
#o.....#....


You could see an orc wizard and an orc.

Vanquished Creatures
  Jessica (D:2)
  Robin (D:2)
  An adder (D:2)
  2 dart slugs
  An orc (D:3)
  9 endoplasms
  2 giant cockroaches
  9 goblins
  8 hobgoblins
  5 kobolds (D:2)
  2 quokkas (D:2)
  3 ball pythons
  4 bats
  2 frilled lizards (D:2)
  5 rats
55 creatures vanquished.

Notes
Turn   | Place    | Note
-------+----------+-------------------------------------------
     0 | D:1      | Atelerd the Octopode Earth Elementalist began the quest for
                  | the Orb.
     0 | D:1      | Reached XP level 1. HP: 11/11 MP: 3/3
   284 | D:1      | Reached XP level 2. HP: 17/17 MP: 3/5
   338 | D:1      | Found a faded altar of an unknown god.
   343 | D:1      | Got Plato's Reference Book on Evil
   950 | D:2      | Reached XP level 3. HP: 16/21 MP: 6/6
  1082 | D:2      | Noticed Jessica
  1090 | D:2      | Killed Jessica
  1092 | D:2      | Reached XP level 4. HP: 23/27 MP: 1/8
  1245 | D:2      | Noticed Robin
  1254 | D:2      | Killed Robin
  1651 | D:2      | Found Neteenn's Assorted Antiques.
  1656 | D:2      | Bought a sapphire potion for 18 gold pieces
  1656 | D:2      | Bought a scroll labelled OCAUBL BITEAC for 20 gold pieces
  2072 | D:3      | Reached skill level 4 in Earth Magic
  2282 | D:3      | Slain by an orc

Illustrated notes

Levels and vault maps discovered:
D:1:      dpeg_arrival_short_road, layout_loops_ring,
          shapermc_ecumenical_altar_rom_forum
D:2:      layout_basic, serial_shops, shop, moated_statue, uniq_jessica,
          uniq_robin
D:3:      layout_basic, nicolae_dithmenos_shadow_blocks,
          gammafunk_ghost_necromancy, kennysheep_generic_room_7

Skill      XL: |  1  2  3  4 |
---------------+-------------+-----
Transmutations | 2 |  2.6
Spellcasting   | 3 |  3.0
Earth Magic    | 4 |  4.0
Dodging        | |  2.0
Stealth        | |  2.6

Action                   |  1- 3 |  4- 6 || total
-------------------------+-------+-------++-------
Melee: Unarmed           |     9 |       ||     9
       Constrict         |     6 |     4 ||    10
       Dagger            |     7 |    17 ||    24
       Tentacles         |       |     4 ||     4
 Cast: Sandblast         |    29 |    38 ||    67
  Use: Potion            |       |     2 ||     2
       Scroll            |       |     1 ||     1
 Stab: Sleeping          |     2 |       ||     2
Armor: Skin              |     4 |     4 ||     8
Dodge: Dodged            |    11 |    29 ||    40
